 Dungeon Crawl Stone Soup version 0.26-a0-863-g3bff4b215c (webtiles) character file.

Game seed: 9231628463050106553

6513 sahdkjhfkaj the Blocker (level 11, -2/53 HPs)
             Began as a Vine Stalker Fighter on Nov 25, 2020.
             Was a Priest of Ru.
             Slain by a boulder beetle (15 damage)
             ... on level 10 of the Dungeon.
             The game lasted 00:22:00 (7849 turns).

sahdkjhfkaj the Blocker (Vine Stalker Fighter)      Turns: 7849, Time: 00:22:01

Health: -2/53      AC: 13    Str: 23    XL:     11   Next: 0%
Magic:  0/12       EV:  3    Int:  8    God:    Ru [***...]
Gold:   658        SH: 18    Dex: 19    Spells: 10/10 levels left

rFire    + . .     SeeInvis .   a - +1 rapier
rCold    + . .     Faith    .   N - +0 tower shield
rNeg     . . .     Spirit   +   j - +0 plate armour
rPois    .         Reflect  .   q - +0 helmet
rElec    .         Harm     .   f - scarf {rC+ rF+}
rCorr    .         Rampage  .   t - +0 pair of gloves
MR       +....                  (no boots)
Stlth    ..........             o - amulet of the acrobat
HPRegen  0.57/turn              r - +6 ring of dexterity
MPRegen  0.13/turn              k - ring of wizardry

@: no status effects
A: fangs 3, regeneration 1, magic shield, antimagic bite, no potion heal 3, rot
immunity, inability to use devices, hated by all
a: Draw Out Power, Renounce Religion


You were on level 10 of the Dungeon.
You worshipped Ru.
Ru was most pleased with you.
You visited 2 branches of the dungeon, and saw 11 of its levels.
You also visited: Bailey.

You collected 658 gold pieces.

Inventory:

Hand Weapons
 a - a +1 rapier (weapon)
 b - a +0 fustibalus
Missiles
 v - 116 sling bullets
Armour
 f - a scarf of resistance (worn)
 j - a +0 plate armour (worn)
 q - a +0 helmet (worn)
 t - a +0 pair of gloves (worn)
 N - a +0 tower shield (worn)
Jewellery
 k - a ring of wizardry (right hand)
 o - an amulet of the acrobat (around neck)
 r - a +6 ring of dexterity (left hand)
Scrolls
 c - a scroll of identify {!r}
 m - 3 scrolls of teleportation {!r}
 n - 2 scrolls of blinking {!r}
 x - 3 scrolls of fear {!r}
 z - 4 scrolls of remove curse {!r}
 A - a scroll of enchant armour {!r}
 D - 2 scrolls of immolation {!r}
 E - 2 scrolls of magic mapping {!r}
 H - a scroll of torment {!r}
 L - 3 scrolls of amnesia {!r}
 M - a scroll of enchant weapon {!r}
Potions
 d - 2 potions of might {!q}
 e - 3 potions of attraction {!q, unknown}
 g - a potion of haste {!q}
 h - 4 potions of magic {!q}
 i - 5 potions of curing {!q}
 l - 2 potions of flight {!q}
 p - 3 potions of lignification {!q, unknown}
 s - 3 potions of ambrosia {!q, unknown}
 u - 2 potions of mutation {!q, unknown}
 w - 4 potions of degeneration {!q, unknown}
 B - 2 potions of heal wounds {!q, unknown}
 F - a potion of cancellation {!q, unknown}
 J - a potion of berserk rage {!q, unknown}


   Skills:
 - Level 4.0 Fighting
 - Level 5.0 Short Blades
 - Level 2.4 Armour
 - Level 9.0 Stealth
 + Level 10.5 Shields


You had 10 spell levels left.
You didn't know any spells.
Your spell library contained the following spells:

 Spells                   Type           Power        Failure   Level
 Apportation              Tloc           #.....       100%        1
 Corona                   Hex            #......      100%        1
 Magic Dart               Conj           #...         100%        1
 Blink                    Tloc           N/A          100%        2
 Slow                     Hex            #.......     100%        2
 Conjure Flame            Conj/Fire      #.......     100%        3
 Mephitic Cloud           Conj/Pois/Air  #.......     100%        3
 Animate Skeleton         Necr           Unusable     N/A         1
 Summon Small Mammal      Summ           Unusable     N/A         1
 Call Imp                 Summ           Unusable     N/A         2

Dungeon Overview and Level Annotations

Branches:
Dungeon (10/15)            Temple (1/1) D:7          Bailey (visited)
   Lair: D:8-11         Orc: D:9-12

Altars:
Ashenzari
Cheibriados
Dithmenos
Elyvilon
Fedhas
Gozag
Hepliaklqana
Kikubaaqudgha
Makhleb
Nemelex Xobeh
Okawaru
Qazlal
Ru
Sif Muna
Trog
Uskayaw
Vehumet
Wu Jian
Xom
Yredelemnul
Zin
The Shining One

Shops:
D:7 }   D:8 !

Annotations:
D:9 2 transporters, delverdan's ghost, novice DgAE
D:10 boulder beetle, exclusion: door


Innate Abilities, Weirdness & Mutations

You have razor-sharp teeth.
Your natural rate of healing is unusually fast.
When hurt, damage is shared between your health and your magic reserves.
Your bite disrupts and absorbs the magic of your enemies.
Potions cannot restore your health.
You are immune to rotting.
You cannot study or use magical devices.
You are hated by all.


Message History

You block the boulder beetle's attack.
Okay, then.
You hit the boulder beetle but do no damage.
You bite the boulder beetle, but do no damage.
The boulder beetle is severely wounded.
The boulder beetle is stunned by your will and fails to attack.
You hit the boulder beetle but do no damage.
You bite the boulder beetle, but do no damage.
The boulder beetle is severely wounded.
The boulder beetle is stunned by your will and fails to attack.
You barely miss the boulder beetle.
You bite the boulder beetle, but do no damage.
The boulder beetle is severely wounded.
You block the boulder beetle's attack. The boulder beetle bites you.
* * * LOW HITPOINT WARNING * * *
You puncture the boulder beetle!
You bite the boulder beetle, but do no damage.
The boulder beetle is almost dead.
The boulder beetle bites you!!
You die...

...#.......#######....#........#
...#......)#.....#....#........#
...#.......#.....##'###........#
...#.......#.....#....#........#
.................#....#........#
°..........#)....#....#........#
...........#..........#........#
...........#.....######........#
####.......#....@#....##########
...#.......#.....B....#........#
...#.......#######....#........#
...#.......#.....#....#........#
...#.......#.....#....#........#
'###.......#.....#....####'#####
...........#.....######........#
...####'####.....#.............#
...#...........................#


You could see a boulder beetle.

Vanquished Creatures
  Erica (D:10)
  Pikel (D:5)
  Joseph (D:10)
  An efreet (D:10)
  A wraith (D:9)
  A wyvern (D:10)
  6 yaks (D:9)
  Eustachio (D:6)
  A steam dragon (D:9)
  A sky beast (D:7)
  Duvessa (D:6)
  3 orc warriors
  A phantom (D:2)
  An ice beast (D:10)
  3 ogres
  3 centaurs
  A lemure (D:6)
  2 big kobolds (D:10)
  3 bullfrogs
  5 scorpions
  A water moccasin skeleton (D:9)
  Dowan (D:6)
  4 killer bees (D:7)
  5 howler monkeys
  3 jellies
  4 orc priests
  4 hounds
  2 bullfrog skeletons
  2 centaur zombies
  4 orc wizards
  An iguana (D:5)
  12 worker ants
  A hound skeleton (D:9)
  A howler monkey zombie (D:8)
  3 worker ant zombies
  13 gnolls
  7 adders
  2 shadow imps
  3 white imps
  An ufetubus (D:9)
  An ooze (D:1)
  An adder zombie (D:5)
  A worm (D:3)
  4 dart slugs
  3 leopard geckos
  20 orcs
  6 giant cockroaches
  7 goblins
  12 hobgoblins
  15 jackals
  3 quokkas
  5 ball pythons
  8 bats
  6 frilled lizards
  16 kobolds
  4 rats
224 creatures vanquished.

Vanquished Creatures (others)
  A centaur (D:10)
1 creature vanquished.

Grand Total: 225 creatures vanquished

Notes
Turn   | Place    | Note
-------+----------+-------------------------------------------
     0 | D:1      | sahdkjhfkaj the Vine Stalker Fighter began the quest for
                  | the Orb.
     0 | D:1      | Reached XP level 1. HP: 11/11 MP: 2/2
   227 | D:1      | Reached XP level 2. HP: 16/16 MP: 3/3
   780 | D:1      | Reached XP level 3. HP: 20/20 MP: 4/4
  1088 | D:2      | Reached skill level 3 in Shields
  1274 | D:2      | Gained mutation: Your natural rate of healing is unusually
                  | fast. [Vine Stalker growth]
  1274 | D:2      | Reached XP level 4. HP: 24/24 MP: 5/5
  1372 | D:2      | Found a hazy altar of Hepliaklqana.
  1826 | D:2      | Noticed a phantom
  1847 | D:2      | Killed a phantom
  1848 | D:2      | Reached XP level 5. HP: 28/28 MP: 4/6
  2180 | D:3      | Reached skill level 4 in Shields
  2193 | D:3      | Reached skill level 1 in Evocations
  2218 | D:3      | Found a sparkling altar of Nemelex Xobeh.
  2316 | D:3      | You fall into a shaft and drop 1 floor!
  2317 | D:4      | Noticed an ogre
  2375 | D:4      | Killed an ogre
  2376 | D:4      | Reached XP level 6. HP: 21/32 MP: 4/7
  2785 | D:4      | Reached skill level 5 in Short Blades
  2922 | D:5      | Entered Level 5 of the Dungeon
  2984 | D:5      | Reached XP level 7. HP: 36/36 MP: 8/8
  3120 | D:5      | Found a basalt altar of Yredelemnul.
  3120 | D:5      | Found a radiant altar of Vehumet.
  3120 | D:5      | Found an ornate altar of the Wu Jian Council.
  3120 | D:5      | Found a blossoming altar of Fedhas.
  3124 | D:5      | Reached skill level 5 in Shields
  3356 | D:5      | Found an iron altar of Okawaru.
  3373 | D:5      | Found a shadowy altar of Dithmenos.
  3376 | D:5      | Found a snail-covered altar of Cheibriados.
  3379 | D:5      | Found an opulent altar of Gozag.
  3660 | D:6      | Noticed Pikel
  3666 | D:6      | Noticed Eustachio
  3729 | D:5      | Killed Pikel
  3730 | D:5      | Reached skill level 7 in Shields
  3730 | D:5      | Gained mutation: You have razor-sharp teeth. [Vine Stalker
                  | growth]
  3730 | D:5      | Reached XP level 8. HP: 21/40 MP: 7/9
  3799 | D:6      | Killed Eustachio
  3881 | D:6      | Reached skill level 5 in Evocations
  4276 | D:6      | Noticed Dowan
  4278 | D:6      | Noticed Duvessa
  4284 | D:6      | Killed Dowan
  4295 | D:6      | Killed Duvessa
  4296 | D:6      | Reached XP level 9. HP: 31/44 MP: 6/10
  4385 | D:6      | Found an ornate altar of the Wu Jian Council.
  4645 | D:7      | Reached skill level 8 in Shields
  4706 | D:7      | Found a staircase to the Ecumenical Temple.
  4743 | Temple   | Entered the Ecumenical Temple
  4895 | Temple   | Became a worshipper of Ru the Awakened
  4958 | D:7      | Found a shadowy altar of Dithmenos.
  5009 | D:7      | Found a flagged portal.
  5030 | Bailey   | Entered a bailey
  5370 | D:7      | Found a stormy altar of Qazlal.
  5404 | D:7      | Found Vigim's Gadget Shop.
  5459 | D:8      | Reached skill level 1 in Stealth
  5678 | D:8      | Gained mutation: You are hated by all. [Ru sacrifice]
  5678 | D:8      | Reached * piety under Ru
  5694 | D:8      | Reached skill level 5 in Stealth
  5932 | D:8      | Found Qatoeh's Distillery.
  6207 | D:9      | Noticed delverdan's ghost (novice DgAE)
  6208 | D:9      | Found a transporter.
  6209 | D:9      | Noticed a spectral centaur warrior
  6216 | D:9      | Noticed a freezing wraith
  6220 | D:9      | Reached XP level 10. HP: 21/49 MP: 8/11
  6262 | D:9      | Reached skill level 9 in Shields
  6343 | D:9      | Reached skill level 10 in Shields
  6566 | D:9      | Found a broken altar of Ashenzari.
  6805 | D:9      | Found a transporter.
  6872 | D:9      | Found a white marble altar of Elyvilon.
  6926 | D:10     | Entered Level 10 of the Dungeon
  7143 | D:10     | Gained mutation: You cannot study or use magical devices.
                  | [Ru sacrifice]
  7143 | D:10     | Reached ** piety under Ru
  7143 | D:10     | Reached *** piety under Ru
  7201 | D:10     | Noticed a boulder beetle
  7365 | D:10     | Noticed Joseph
  7374 | D:10     | Killed Joseph
  7644 | D:10     | Found a broken altar of Ashenzari.
  7681 | D:10     | Noticed Erica
  7697 | D:10     | Killed Erica
  7698 | D:10     | Reached XP level 11. HP: 35/53 MP: 12/12
  7849 | D:10     | Slain by a boulder beetle

Illustrated notes

Levels and vault maps discovered:
D:1:      dpeg_arrival_houses_and_road, layout_basic, serial_bayou_lagoon_b
D:2:      layout_loops_corners, old_standard_altar
D:3:      layout_basic, nemelex_altar_shiori, trog_eyes_of_draining
D:4:      layout_basic
D:5:      layout_cave_pools, chequers_temple_overflow_statue_of_worship,
          grunt_temple_overflow_cloverleaf
D:6:      layout_loops_ring, basic_altar, chequers_serial_rivers_large_a,
          uniq_pikel, uniq_duvessa, uniq_eustachio
D:7:      layout_rooms, nicolae_qazlal_style_of_elements, temple_fountains,
          serial_shops, nicolae_shop_competitors_out_of_business, basic_altar,
          enter_bailey_2, kennysheep_potato
D:8:      layout_rooms, serial_shops, nicolae_shop_behind_doors,
          minmay_misc_feat_rugged
D:9:      minmay_the_grid_square_5x5_3x3 [minmay_the_grid_square_5x5_n_small,
          minmay_the_grid_square_5x5_sharp_hourglass,
          minmay_the_grid_square_5x5_forky, minmay_the_grid_square_5x5_tie,
          minmay_the_grid_square_5x5_megaprize_hollow,
          minmay_the_grid_square_5x5_corner, minmay_the_grid_square_5x5_meh,
          minmay_the_grid_square_5x5_checkered_sparse,
          minmay_the_grid_square_5x5_hollow_slash], layout_long_grid,
          kennysheep_mini, evilmike_ruin_ashenzari, gammafunk_ghost_mausoleum,
          st_stairs_1
D:10:     cheibrodos_barr_body, layout_grid_maze, basic_altar, uniq_joseph,
          uniq_maggie, uniq_erica
Temple:   kb_temple_of_zot

Skill      XL: |  1  2  3  4  5  6  7  8  9 10 |
---------------+-------------------------------+-----
Short Blades   | 2 3 4 5 |  5.0
Fighting       | 3 4 |  4.0
Shields        | 3 4 7 8 10 | 10.5
Evocations     | 2 3 5 7 0 |  0.0
Stealth        | 5 9 |  9.0
Armour         | |  2.4

Action                   |  1- 3 |  4- 6 |  7- 9 | 10-12 || total
-------------------------+-------+-------+-------+-------++-------
Melee: Rapier            |    80 |   150 |   406 |   264 ||   900
       Bite              |    21 |    60 |   183 |   146 ||   410
 Fire: Fustibalus        |       |       |    26 |       ||    26
Invok: Sacrifice Love    |       |       |     1 |       ||     1
       Sacrifice Artific |       |       |       |     1 ||     1
  Use: Scroll            |       |     5 |     6 |     7 ||    18
 Stab: Distracted        |       |       |       |     1 ||     1
       Invisible         |       |       |       |     1 ||     1
Armor: Scale mail        |    12 |       |       |       ||    12
       Plate armour      |    34 |    91 |   187 |    71 ||   383
Dodge: Dodged            |     9 |    17 |   122 |    29 ||   177
Block: Kite shield       |    29 |    82 |   286 |    57 ||   454
       Tower shield      |       |       |       |   114 ||   114

Table legend: (Time is in decaauts)
 A = Elapsed time spent in this place.
 B = Non-inter-level travel time spent in this place.
 C = Inter-level travel time spent in this place.
 D = Time resting spent in this place.
 E = Time spent auto-exploring this place.
 F = Levels seen in this place.
 G = Mean time per level.
                   A        B        C        D        E       F      G
               +--------+--------+--------+--------+--------+-----+--------+
         Total |   7915 |   7393 |    522 |    133 |   5273 |  12 |  659.6 |
       Dungeon |   7616 |   7145 |    471 |    133 |   5145 |  10 |  761.6 |
        Temple |    180 |    129 |     51 |      0 |    127 |   1 |  180.0 |
        Bailey |    118 |    118 |      0 |      0 |      1 |   1 |  118.0 |
               +--------+--------+--------+--------+--------+-----+--------+

Top non-repeatable levels by time:
     D:1: 1077 daAuts
     D:2: 1014 daAuts
     D:6: 1004 daAuts
     D:9: 997 daAuts
    D:10: 832 daAuts
     D:5: 676 daAuts
     D:4: 657 daAuts
     D:8: 591 daAuts
     D:7: 508 daAuts
     D:3: 257 daAuts
  Temple: 180 daAuts
  Bailey: 118 daAuts
